 Dungeon Crawl Stone Soup version 0.27-a0-1140-g099f9bb0e8 (webtiles) character file.

Game seed: 47272440144096300

5 mdonais the Conjurer (level 1, 0/20 HPs)
             Began as a Gnoll Wanderer on May 8, 2021.
             Slain by a wyvern skeleton (12 damage)
             ... on level 2 of the Dungeon.
             The game lasted 00:02:06 (332 turns).

mdonais the Conjurer (Gnoll Wanderer)                Turns: 332, Time: 00:02:06

Health: 0/20       AC:  2    Str: 10    XL:     1   Next: 80%
Magic:  4/4        EV: 11    Int: 11    God:
Gold:   21         SH:  0    Dex: 12    Spells: 5/5 levels left

rFire    . . .     SeeInvis .   a - +2 spear
rCold    . . .     Faith    .   (no shield)
rNeg     . . .     Spirit   .   d - +0 robe
rPois    .         Reflect  .   (no helmet)
rElec    .         Harm     .   (no cloak)
rCorr    .         Rampage  .   (no gloves)
Will     .....                  (no boots)
Stlth    +.........             (no amulet)
HPRegen  0.06/turn              (no ring)
MPRegen  0.09/turn              (no ring)

@: about to teleport
A: fangs 1, strong nose, distributed training
a: no special abilities


You were on level 2 of the Dungeon.
You visited 1 branch of the dungeon, and saw 2 of its levels.

You collected 21 gold pieces.

Inventory:

Hand Weapons
 a - a +2 spear (weapon)
Armour
 d - a +0 robe (worn)


   Skills:
 + Level 4.4 Fighting
 + Level 0.1 Short Blades
 + Level 0.1 Long Blades
 + Level 0.1 Axes
 + Level 0.1 Maces & Flails
 + Level 0.1 Polearms
 + Level 0.1 Staves
 + Level 0.1 Slings
 + Level 0.1 Bows
 + Level 0.1 Crossbows
 + Level 0.1 Throwing
 + Level 2.4 Armour
 + Level 0.1 Dodging
 + Level 0.1 Stealth
 + Level 2.4 Shields
 + Level 0.1 Unarmed Combat
 + Level 2.6 Spellcasting
 + Level 5.3 Conjurations
 + Level 2.0 Hexes
 + Level 0.1 Summonings
 + Level 0.1 Necromancy
 + Level 0.1 Translocations
 + Level 0.1 Transmutations
 + Level 0.1 Fire Magic
 + Level 0.1 Ice Magic
 + Level 0.1 Air Magic
 + Level 0.1 Earth Magic
 + Level 0.1 Poison Magic
 + Level 0.2 Invocations
 + Level 2.4 Evocations


You had 5 spell levels left.
You didn't know any spells.
Your spell library was empty.

Dungeon Overview and Level Annotations

Branches:
Dungeon (1/15)

Altars:

Annotations:
D:2 Jessica


Innate Abilities, Weirdness & Mutations

You have very sharp teeth.
Your uncanny sense of smell can sniff out nearby items.
Your experience applies equally to all skills.


Message History

Welcome, mdonais the Gnoll Wanderer.
It is said that the Orb of Zot exists deep within this dungeon.
Press ? for a list of commands and other information.
You begin with the following items: a +2 spear, a +0 robe, a potion of curing, a scroll of teleportation.
You don't know any spells.
Your library has no spells.
Unknown command.
You fall into a shaft and drop 1 floor!
The shaft crumbles and collapses.
A quokka comes into view.
A quokka is nearby!
Jessica the Apprentice Sorceress comes into view.
She is wielding a +0 dagger.
You miss the quokka. The quokka bites you.
You take 2 damage, and have 18/20 hp.
You barely miss the quokka. The quokka closely misses you.
The quokka closely misses you.
You hit the quokka but do no damage. The quokka misses you.
You hit the quokka.
The quokka is moderately wounded.
The quokka bites you.
You take 3 damage, and have 15/20 hp.
You barely miss the quokka.
The quokka is moderately wounded.
The quokka closely misses you. x2
You barely miss the quokka.
The quokka is moderately wounded.
The quokka closely misses you.
You hit the quokka.
You kill the quokka!
No target in view!
You start resting.
HP restored.
Health restored: 20
Found 13 gold pieces.
You now have 13 gold pieces.
A quokka comes into view.
Found a murky red potion and a scroll labelled ZIGELU DESIUFRYA.
You reach to attack!
You hit the quokka.
The quokka is heavily wounded.
You hit the quokka. Your bite misses the quokka.
The quokka is almost dead.
The quokka bites you. x2
You take 7 damage, and have 13/20 hp.
MASSIVE DAMAGE!!
You hit the quokka.
You kill the quokka!
No target in view!
You start resting.
HP restored.
Health restored: 20
b - a murky red potion
c - a scroll labelled ZIGELU DESIUFRYA
Found 8 gold pieces.
You now have 21 gold pieces (gained 8).
A kobold comes into view. It is wielding a +0 dagger.
The kobold shouts!
You reach to attack!
You hit the kobold.
You kill the kobold!
A hobgoblin comes into view.
Your Hexes skill increases to level 2!
You reach to attack!
You closely miss the hobgoblin.
The hobgoblin shouts!
You barely miss the hobgoblin. The hobgoblin closely misses you.
You hit the hobgoblin but do no damage. The hobgoblin hits you.
A wyvern skeleton comes into view.
You take 3 damage, and have 17/20 hp.
You hit the hobgoblin.
The hobgoblin is severely wounded.
The hobgoblin hits you.
You take 2 damage, and have 15/20 hp.
You hit the hobgoblin but do no damage.
The hobgoblin is severely wounded.
The hobgoblin barely misses you.
You barely miss the hobgoblin.
The hobgoblin is severely wounded.
The hobgoblin hits you.
You take 3 damage, and have 12/20 hp.
You hit the hobgoblin but do no damage.
The hobgoblin is severely wounded.
The hobgoblin barely misses you.
You hit the hobgoblin but do no damage.
The hobgoblin is severely wounded.
The hobgoblin closely misses you.
It was a potion of cancellation.
You feel magically purged. The hobgoblin hits you.
You take 2 damage, and have 10/20 hp.
You puncture the hobgoblin!
You kill the hobgoblin!
The wyvern skeleton misses you.
Okay, then.
Press: ? - help, v - describe, . - travel The floor, spattered with blood.
Unknown command.
As you read the scroll labelled ZIGELU DESIUFRYA, it crumbles to dust.
You assume a fearsome visage.
The wyvern skeleton is unaffected.
It was a scroll of fear.
The wyvern skeleton closely misses you.
You hit the wyvern skeleton.
The wyvern skeleton is moderately damaged.
The wyvern skeleton misses you. The wyvern skeleton bites you!
* * * LOW HITPOINT WARNING * * *
You take 8 damage, and have 2/20 hp.
MASSIVE DAMAGE!!
You feel better. The wyvern skeleton closely misses you.
You regained 11 hp, and now have 13/20 hp.
Unknown command.
As you read the scroll of teleportation, it crumbles to dust.
You feel strangely unstable. The wyvern skeleton bites you.
You take 1 damage, and have 12/20 hp.
You hit the wyvern skeleton.
The wyvern skeleton is moderately damaged.
The wyvern skeleton bites you!
Ouch! That really hurt!
You die...

#.##.....##
#.##.....#
#.##.#.###
#.##.#.#
#......#
#......#.#
#.######.###.#
# #....#
#@###.# #Z# ∆
#.# #.# #.. ∆
###


You could see a wyvern skeleton.

Vanquished Creatures
  A hobgoblin (D:2)
  A kobold (D:2)
  2 quokkas (D:2)
4 creatures vanquished.

Notes
Turn   | Place    | Note
-------+----------+-------------------------------------------
     0 | D:1      | mdonais the Gnoll Wanderer began the quest for the Orb.
     0 | D:1      | mdonais set off with the following items: a +2 spear, a +0
                  | robe, a potion of curing, a scroll of teleportation
     0 | D:1      | Reached XP level 1. HP: 20/20 MP: 4/4
     2 | D:1      | You fall into a shaft and drop 1 floor!
     6 | D:2      | Noticed Jessica
   332 | D:2      | Slain by a wyvern skeleton

Illustrated notes

Levels and vault maps discovered:
D:1:      roderic_chinese_lattice_arrival, layout_basic,
          hellmonk_ecumenical_altar_inner_sanctum,
          amcnicky_mini_rare_corridor_liquid, columned_hall_lemuel
D:2:      layout_loops_ring, serial_shops, shop, basic_altar, uniq_jessica,
          uniq_crazy_yiuf_cottage

Skill      XL: |  1 |
---------------+----+-----
Hexes          | 2 |  2.0
Fighting       | |  4.4
Short Blades   | |  0.1
Long Blades    | |  0.1
Axes           | |  0.1
Maces & Flails | |  0.1
Polearms       | |  0.1
Staves         | |  0.1
Slings         | |  0.1
Bows           | |  0.1
Crossbows      | |  0.1
Throwing       | |  0.1
Armour         | |  2.4
Dodging        | |  0.1
Stealth        | |  0.1
Shields        | |  2.4
Unarmed Combat | |  0.1
Spellcasting   | |  2.6
Conjurations   | |  5.3
Summonings     | |  0.1
Necromancy     | |  0.1
Translocations | |  0.1
Transmutations | |  0.1
Fire Magic     | |  0.1
Ice Magic      | |  0.1
Air Magic      | |  0.1
Earth Magic    | |  0.1
Poison Magic   | |  0.1
Invocations    | |  0.2
Evocations     | |  2.4

Action                   || total
-------------------------++-------
Melee: Spear             ||    22
  Use: Scroll            ||     2
       Potion            ||     2
Dodge: Dodged            ||    14

Table legend: (Time is in decaauts)
 A = Elapsed time spent in this place.
 B = Non-inter-level travel time spent in this place.
 C = Inter-level travel time spent in this place.
 D = Time resting spent in this place.
 E = Time spent auto-exploring this place.
 F = Levels seen in this place.
 G = Mean time per level.
                   A        B        C        D        E       F      G
               +--------+--------+--------+--------+--------+-----+--------+
         Total |    333 |    333 |      0 |    168 |      2 |   2 |  166.5 |
       Dungeon |    333 |    333 |      0 |    168 |      2 |   2 |  166.5 |
               +--------+--------+--------+--------+--------+-----+--------+

Top non-repeatable levels by time:
     D:2: 331 daAuts
     D:1: 2 daAuts
